 Dungeon Crawl Stone Soup version 0.23.2-1-ga50397a (webtiles) character file.

Game seed: 9808358336251328102

1523 MalarOregon the Ducker (level 8, -6/60 HPs)
             Began as a Merfolk Venom Mage on May 18, 2019.
             Was a Follower of Nemelex Xobeh.
             Mangled by a bullfrog (8 damage)
             ... in a sewer.
             The game lasted 00:23:22 (6049 turns).

MalarOregon the Ducker (Merfolk Venom Mage)         Turns: 6049, Time: 00:23:23

Health: -6/60      AC:  3    Str: 13    XL:     8   Next: 84%
Magic:  14/14      EV: 20    Int: 14    God:    Nemelex Xobeh [*.....]
Gold:   187        SH:  4    Dex: 15    Spells: 7/15 levels left

rFire    . . .     SeeInvis +   n - +5 flail of Floods {venom, rElec Str+3}
rCold    + . .     Gourm    .   (no shield)
rNeg     . . .     Faith    .   a - +0 robe
rPois    .         Spirit   .   (no helmet)
rElec    +         Reflect  +   (no cloak)
rCorr    .         Harm     .   d - +0 pair of gloves
MR       .....                  (boots currently unavailable)
Stlth    ++++......             b - +4 amulet of reflection
HPRegen  0.20/turn              o - ring of protection from cold
MPRegen  0.14/turn              z - ring of see invisible

@: very quick
A: change form in water, swift swim, stealthy swim
a: Draw Escape, Draw Destruction, Draw Summoning, Renounce Religion


You were in a sewer.
You worshipped Nemelex Xobeh.
Nemelex Xobeh was aware of your devotion.
You were not hungry.

You visited 2 branches of the dungeon, and saw 7 of its levels.
You also visited: Sewer.

You collected 187 gold pieces.

Inventory:

Hand Weapons
 j - a +2 dagger of electrocution
   (You took it off a goblin on level 1 of the Dungeon)
 n - the +5 flail of Floods (weapon) {venom, rElec Str+3}
   (You found it on level 4 of the Dungeon)

   It poisons the flesh of those it strikes.
   It affects your strength (+3).
   It insulates you from electricity.
Armour
 a - a +0 robe (worn)
 d - a +0 pair of gloves (worn)
   (You found it on level 3 of the Dungeon)
Jewellery
 b - a +4 amulet of reflection (around neck)
   (You found it on level 1 of the Dungeon)
 o - a ring of protection from cold (left hand)
   (You found it on level 5 of the Dungeon)
 z - a ring of see invisible (right hand)
   (You found it on level 3 of the Dungeon)
Scrolls
 c - 2 scrolls of remove curse {@r2}
 f - a scroll of fog
Potions
 g - 4 potions of curing {@q1}
 h - a potion of magic
 i - a potion of lignification {unknown}
 k - 2 potions of mutation {!q}
 m - 4 potions of cancellation
 p - a potion of haste {@q3}
Comestibles
 e - 11 rations {!d}
 l - 16 chunks of flesh


   Skills:
 + Level 3.9 Fighting
 + Level 6.2 Dodging
 + Level 5.6 Stealth
 + Level 4.3 Spellcasting
 - Level 2.0 Conjurations
 - Level 2.0 Air Magic
 + Level 5.7 Poison Magic
 + Level 3.3 Invocations


You had 7 spell levels left.
You knew the following spells:

 Your Spells              Type           Power        Failure   Level  Hunger
a - Sting                 Conj/Pois      ##..         3%          1    None
f - Mephitic Cloud        Conj/Pois/Air  ##......     14%         3    ###....
y - Olgreb's Toxic Radia  Pois           ###.....     19%         4    ####...

Your spell library contained the following spells:

 Spells                   Type           Power        Failure   Level  Hunger
 Poisonous Vapours        Pois/Air       ##....       6%          2    ##.....
 Venom Bolt               Conj/Pois      ##........   71%         5    ######.


Dungeon Overview and Level Annotations

Branches:
Dungeon (6/15)             Temple (1/1) D:4

Altars:
Dithmenos
Gozag
Hepliaklqana
Kikubaaqudgha
Nemelex Xobeh
Okawaru
Sif Muna
Uskayaw
Vehumet
Xom
Yredelemnul


Message History

You kill the giant cockroach!
You kill the frilled lizard!
You feel sick. The bullfrog hits you. The adder misses you.
The bullfrog hits you. x2; The adder barely misses you.
The bullfrog hits you!
You closely miss the adder. You tail-slap the adder.
The bullfrog looks even sicker.
The adder looks even sicker.
The bullfrog looks even sicker.
Your toxic aura wanes.
You feel sick.
You kill the adder!
The bullfrog barely misses you. The bullfrog misses you.
The ooze closely misses you. The bullfrog hits you!
* * * LOW HITPOINT WARNING * * *
The bullfrog misses you. The ooze closely misses you. The bullfrog misses you.
The bullfrog hits you.
* * * LOW HITPOINT WARNING * * *
You feel sick. The bullfrog misses you.
Your legs become a tail as you enter the water.
The bullfrog hits you.
* * * LOW HITPOINT WARNING * * *
The bullfrog hits you!
* * * LOW HITPOINT WARNING * * *
You feel sick. The bullfrog closely misses you. The bullfrog misses you.
You feel sick.
The bullfrog looks more healthy.
Some of the chunks of flesh in your inventory have rotted away.
Some shallow water.
The bullfrog misses you. The bullfrog closely misses you.
You feel sick.
The bullfrog hits you but does no damage.
The bullfrog hits you.
* * * LOW HITPOINT WARNING * * *
Things that are here:
a frilled lizard skeleton x2
The bullfrog barely misses you. The bullfrog closely misses you.
You feel sick.
You are no longer poisoned.
The bullfrog misses you. The bullfrog hits you.
* * * LOW HITPOINT WARNING * * *
The bullfrog barely misses you.
The bullfrog looks more healthy.
The bullfrog completely misses you. The bullfrog hits you.
* * * LOW HITPOINT WARNING * * *
The bullfrog closely misses you. The bullfrog hits you!
You die...
Your body disappears without a glow.

≈.≈≈#######≈.≈≈≈##≈≈≈≈#
≈≈###≈≈≈≈≈###≈.≈≈##≈≈≈##
.##≈≈≈≈≈≈≈≈≈##≈≈≈≈#≈≈≈≈#
##
≈≈≈≈≈..≈≈≈##≈≈≈##.≈≈## #
≈≈≈...?.≈≈≈#.≈≈≈#≈≈≈.# #
≈≈≈≈.$!).≈≈#≈≈≈≈#≈..∩# #
≈≈≈≈≈.|≈≈≈≈#.≈≈≈#.≈≈.#
##
≈≈≈.≈≈≈.†≈≈#≈FF##≈≈≈##
≈##≈≈≈≈≈≈†≈.≈≈#.@≈#≈÷≈.#
≈≈###≈≈≈≈†#≈≈##≈≈##.÷≈##
≈≈≈≈#######.≈#≈≈##≈≈≈≈#
#.≈≈≈.≈≈J..≈##.≈#≈≈.≈##
####.≈≈≈≈≈..#≈≈≈..≈≈##
≈≈.#≈∩≈#######≈..####
≈≈≈#####..≈.≈#.≈##
##.≈≈÷≈≈≈≈≈≈≈####
≈#########.≈≈#


You could see 2 bullfrogs.

Vanquished Creatures
  Menkaure (D:5)
  3 ogres
  A phantom (D:4)
  2 bullfrogs
  A howler monkey (D:4)
  A bullfrog zombie (D:5)
  A jelly (D:5)
  A centaur zombie (D:5)
  A hound (D:5)
  A gnoll shaman (D:5)
  3 orc priests
  An iguana (D:4)
  2 orc wizards (D:3)
  Terence (D:2)
  7 worker ants
  A worker ant zombie (D:5)
  11 adders
  4 gnolls (D:5)
  8 oozes (Sewer)
  An adder zombie (D:5)
  An adder skeleton (D:4)
  2 worms (D:2)
  4 dart slugs
  12 leopard geckos (Sewer)
  16 orcs
  22 giant cockroaches
  8 goblins
  10 hobgoblins
  8 jackals
  6 quokkas
  8 ball pythons
  7 bats
  16 frilled lizards
  8 kobolds
  A leopard gecko zombie (D:4)
  6 rats
187 creatures vanquished.

Notes
Turn   | Place    | Note
-------+----------+-------------------------------------------
     0 | D:1      | MalarOregon the Merfolk Venom Mage began the quest for the
                  | Orb.
     0 | D:1      | Reached XP level 1. HP: 13/13 MP: 3/3
   265 | D:1      | Reached skill level 1 in Conjurations
   265 | D:1      | Reached XP level 2. HP: 16/19 MP: 0/5
   384 | D:1      | Reached skill level 3 in Dodging
   787 | D:1      | Reached XP level 3. HP: 21/24 MP: 6/6
  1015 | D:2      | Noticed Terence
  1031 | D:2      | Killed Terence
  1089 | D:2      | Learned a level 3 spell: Mephitic Cloud
  1125 | D:2      | Reached XP level 4. HP: 28/30 MP: 7/7
  1500 | D:2      | Found a faded altar of an unknown god.
  1939 | D:3      | Learned a level 4 spell: Olgreb's Toxic Radiance
  1950 | D:3      | Reached XP level 5. HP: 35/35 MP: 1/9
  2474 | D:3      | Reached skill level 4 in Dodging
  2849 | D:3      | Reached skill level 1 in Fighting
  2849 | D:3      | Reached XP level 6. HP: 14/43 MP: 0/10
  3281 | D:4      | Reached skill level 1 in Air Magic
  3406 | D:4      | Got a dazzling flail
  3510 | D:4      | Found a staircase to the Ecumenical Temple.
  3517 | Temple   | Entered the Ecumenical Temple
  3518 | Temple   | Identified the +5 flail of Floods {venom, rElec Str+3} (You
                  | found it on level 4 of the Dungeon)
  3590 | Temple   | Became a worshipper of Nemelex Xobeh the Trickster
  3722 | D:4      | Reached XP level 7. HP: 49/49 MP: 6/11
  3727 | D:4      | Reached skill level 1 in Invocations
  3732 | D:4      | Received a gift from Nemelex Xobeh
  4058 | D:5      | Entered Level 5 of the Dungeon
  4435 | D:5      | Reached skill level 5 in Dodging
  4534 | D:5      | Reached skill level 5 in Poison Magic
  4567 | D:5      | Reached XP level 8. HP: 48/57 MP: 2/13
  4581 | D:5      | Noticed Menkaure
  4831 | D:5      | Killed Menkaure
  4831 | D:5      | Reached skill level 5 in Stealth
  5322 | D:5      | Found an iron altar of Okawaru.
  5334 | D:5      | Reached skill level 6 in Dodging
  5377 | D:5      | Reached * piety under Nemelex Xobeh
  5648 | D:6      | Found a glowing drain.
  5662 | Sewer    | Entered a sewer
  6039 | Sewer    | HP: 3/60 [bullfrog (3)]
  6045 | Sewer    | HP: 2/60 [bullfrog (2)]
  6049 | Sewer    | Mangled by a bullfrog

Skill      XL: |  1  2  3  4  5  6  7  8 |
---------------+-------------------------+-----
Conjurations   | 1 2 |  2.0
Dodging        | 3 4 5 6 |  6.2
Stealth        | 3 4 5 |  5.6
Poison Magic   | 4 5 |  5.7
Fighting       | 1 2 3 |  3.9
Spellcasting   | 3 4 |  4.3
Air Magic      | 1 2 |  2.0
Invocations    | 2 3 |  3.3

Action                   |  1- 3 |  4- 6 |  7- 9 || total
-------------------------+-------+-------+-------++-------
Melee: Whip              |    15 |       |       ||    15
       Dagger            |    53 |   105 |    17 ||   175
       Flail             |       |     9 |   190 ||   199
       Tailslap          |       |       |    12 ||    12
 Cast: Sting             |    25 |    98 |    41 ||   164
       Olgreb's Toxic Ra |       |     1 |     3 ||     4
       Mephitic Cloud    |       |     1 |     3 ||     4
  Use: Scroll            |     4 |     5 |     2 ||    11
       Potion            |       |     2 |       ||     2
 Stab: Sleeping          |     1 |     2 |    10 ||    13
       Confused          |       |       |     3 ||     3
  Eat: Chunk             |     1 |    10 |     9 ||    20
Armor: Robe              |    24 |    18 |    30 ||    72
Dodge: Dodged            |    58 |    67 |   216 ||   341
Block: Other             |    21 |    20 |    55 ||    96
       Reflection        |       |     1 |       ||     1
